 Dungeon Crawl Stone Soup version 0.29-a0-219-g0a02b1cf4f (webtiles) character file.

Game seed: 4684143137408261064

93 sanka the Conjurer (level 4, -4/32 HPs)
             Began as a Gnoll Conjurer on Feb 25, 2022.
             Slain by Terence
             ... wielding a +0 short sword of flaming
              (8 damage)
             ... on level 2 of the Dungeon.
             The game lasted 00:03:17 (2109 turns).

sanka the Conjurer (Gnoll Conjurer)                 Turns: 2109, Time: 00:03:18

Health: -4/32      AC:  2    Str:  6    XL:     4   Next: 61%
Magic:  2/11       EV: 12    Int: 20    God:
Gold:   104        SH:  3    Dex: 10    Spells: 10/13 levels left

rFire   . . .      SeeInvis .   d - +0 dagger
rCold   . . .      Faith    .   h - +0 buckler
rNeg    . . .      Spirit   .   a - +0 robe
rPois   .          Reflect  .   (no helmet)
rElec   .          Harm     .   (no cloak)
rCorr   .          Rampage  .   (no gloves)
Will    .....                   (no boots)
Stlth   ++........              (no amulet)
HPRegen 0.10/turn               (no ring)
MPRegen 0.12/turn               (no ring)

@: no status effects
A: fangs 1, strong nose, distributed training
a: no special abilities


You were on level 2 of the Dungeon.
You visited 1 branch of the dungeon, and saw 2 of its levels.

You collected 104 gold pieces.


Innate Abilities, Weirdness & Mutations

You have very sharp teeth.
Your uncanny sense of smell can sniff out nearby items.
Your experience applies equally to all skills.


   Skills:
 + Level 1.2 Fighting
 + Level 1.2 Short Blades
 + Level 1.2 Long Blades
 + Level 1.2 Axes
 + Level 1.2 Maces & Flails
 + Level 1.2 Polearms
 + Level 1.2 Staves
 + Level 1.2 Slings
 + Level 1.2 Bows
 + Level 1.2 Crossbows
 + Level 1.2 Throwing
 + Level 1.2 Armour
 + Level 4.6 Dodging
 + Level 4.3 Stealth
 + Level 1.2 Shields
 + Level 1.2 Unarmed Combat
 + Level 5.1 Spellcasting
 + Level 7.1 Conjurations
 + Level 1.0 Hexes
 + Level 1.0 Summonings
 + Level 1.0 Necromancy
 + Level 1.0 Translocations
 + Level 1.0 Transmutations
 + Level 1.0 Fire Magic
 + Level 1.0 Ice Magic
 + Level 1.0 Air Magic
 + Level 1.0 Earth Magic
 + Level 1.0 Poison Magic
 + Level 1.3 Invocations
 + Level 1.2 Evocations


You had 10 spell levels left.
You knew the following spells:

 Your Spells              Type           Power      Damage    Failure   Level
x - Searing Ray           Conj           66%        2d6       1%          2
z - Magic Dart            Conj           100%       1d8       1%          1

Your spell library contained the following spells:

 Spells                   Type           Power      Damage    Failure   Level
 Dazzling Flash           Conj/Hex       42%        N/A       9%          3
 Sublimation of Blood     Necr           9%         N/A       16%         2
 Wereblood                Tmut           9%         N/A       16%         2
 Fulminant Prism          Conj/Hex       10%        3d9       28%         4
 Iskenderun's Mystic Bla  Conj/Tloc      21%        2d6       28%         4
 Summon Guardian Golem    Hex/Summ       9%         N/A       30%         3
 Orb of Destruction       Conj           16%        9d7       100%        7
 Spellforged Servitor     Conj/Summ      10%        N/A       100%        7
 Summon Hydra             Summ           4%         N/A       100%        7
 Borgnjor's Revivificati  Necr           4%         N/A       100%        8
 Necromutation            Tmut/Necr      4%         N/A       100%        8
 Death's Door             Necr           4%         N/A       100%        9

Inventory:

Hand Weapons
 d - a +0 dagger (weapon)
Armour
 a - a +0 robe (worn)
 h - a +0 buckler (worn)
Scrolls
 c - a scroll of fog {unknown}
 f - 2 scrolls of teleportation {unknown}
 g - 4 scrolls of identify {unknown}
 i - a scroll of blinking {unknown}
 j - a scroll of brand weapon {unknown}
 k - 2 scrolls of immolation {unknown}
Potions
 b - a potion of berserk rage {unknown}
 e - a potion of degeneration {unknown}
 l - a potion of attraction {unknown}
 m - a potion of heal wounds {unknown}

Dungeon Overview and Level Annotations

Branches:
Dungeon (2/15)

Altars:
Makhleb

Annotations:
D:2 Terence

▒▒.▒▒...▒▒▒▒▒≈≈≈≈
▒............≈≈≈≈
▒▒.▒▒...▒▒▒▒▒≈≈≈≈
▒▒▒▒▒.▒▒ ▒≈≈≈≈
▒▒▒▒▒.▒▒▒▒▒▒≈≈≈≈
▒...........≈≈≈≈
▒▒▒.▒▒▒.▒▒▒▒▒▒▒≈≈≈
▒.......▒ ▒≈≈≈
▒g▒.▒▒▒▒▒ ▒≈≈≈
▒@▒.▒ ▒▒▒▒▒▒▒▒.≈≈
▒.▒.▒ ▒......88≈≈
▒<▒.▒ ▒.▒▒...†...
▒.▒.▒ ▒.▒▒.......
▒.▒.▒ ▒.▒▒▒..88≈≈
▒.▒.▒ ▒.▒ ▒▒▒▒▒▒≈
▒.▒.▒ ▒.▒ ▒≈ ▒.▒
▒.▒ ▒▒


You could see Terence.


Message History

Terence shouts, "ATTACK!!!"
Terence hits you with a +0 short sword of flaming.
Terence burns you.
The searing ray hits Terence but does no damage.
Terence is moderately wounded.
Terence barely misses you.
The searing ray hits Terence.
Terence is heavily wounded.
You finish channelling your searing ray.
Terence hits you with a +0 short sword of flaming!
Terence burns you.
* * * LOW HITPOINT WARNING * * *
Aiming: Searing Ray (safe; 1% risk of failure)
Aim: Terence, wielding a +0 short sword of flaming and wearing a +0 chain mail (heavily wounded, 86% to hit)
The searing ray hits Terence but does no damage.
Terence is heavily wounded. (Press . to maintain the ray.) Terence hits you with a +0 short sword of flaming.
* * * LOW HITPOINT WARNING * * *
Terence burns you.
* * * LOW HITPOINT WARNING * * *
The searing ray hits Terence but does no damage.
Terence is heavily wounded.
Terence hits you with a +0 short sword of flaming.
* * * LOW HITPOINT WARNING * * *
Terence burns you.
* * * LOW HITPOINT WARNING * * *
The searing ray misses Terence.
Terence hits you with a +0 short sword of flaming!
You die...

Action                   |  1- 3 |  4- 6 || total
-------------------------+-------+-------++-------
Melee: Dagger            |    22 |       ||    22
       Bite              |     1 |       ||     1
 Cast: Magic Dart        |    74 |    49 ||   123
       Searing Ray       |       |     2 ||     2
Armor: Robe              |     8 |       ||     8
Dodge: Dodged            |    42 |     2 ||    44

Levels and vault maps discovered:
D:1:      pf_arrival_petrified_forest, layout_rooms,
          shapermc_ecumenical_altar_acropolis, minmay_lizard_pond
D:2:      wander_river, layout_loops_ring, basic_altar, minmay_rat_hole,
          uniq_terence

Notes
Turn   | Place    | Note
-------+----------+-------------------------------------------
     0 | D:1      | sanka the Gnoll Conjurer began the quest for the Orb.
     0 | D:1      | Reached XP level 1. HP: 13/13 MP: 6/6
   172 | D:1      | Reached XP level 2. HP: 19/19 MP: 4/7
   175 | D:1      | Learned a level 2 spell: Searing Ray
   601 | D:1      | Found a faded altar of an unknown god.
   611 | D:1      | Reached XP level 3. HP: 25/25 MP: 7/9
   764 | D:1      | Reached skill level 5 in Spellcasting
   934 | D:2      | Reached skill level 1 in Invocations
   984 | D:2      | Found a burning altar of Makhleb.
  1081 | D:2      | Reached skill level 1 in Fighting
  1081 | D:2      | Reached skill level 1 in Short Blades
  1081 | D:2      | Reached skill level 1 in Long Blades
  1081 | D:2      | Reached skill level 1 in Axes
  1081 | D:2      | Reached skill level 1 in Maces & Flails
  1081 | D:2      | Reached skill level 1 in Polearms
  1081 | D:2      | Reached skill level 1 in Staves
  1081 | D:2      | Reached skill level 1 in Slings
  1081 | D:2      | Reached skill level 1 in Bows
  1081 | D:2      | Reached skill level 1 in Crossbows
  1081 | D:2      | Reached skill level 1 in Throwing
  1081 | D:2      | Reached skill level 1 in Armour
  1081 | D:2      | Reached skill level 1 in Shields
  1081 | D:2      | Reached skill level 1 in Unarmed Combat
  1081 | D:2      | Reached skill level 1 in Evocations
  1203 | D:2      | Reached XP level 4. HP: 32/32 MP: 3/11
  1855 | D:2      | Reached skill level 1 in Hexes
  1855 | D:2      | Reached skill level 1 in Summonings
  1855 | D:2      | Reached skill level 1 in Necromancy
  1855 | D:2      | Reached skill level 1 in Translocations
  1855 | D:2      | Reached skill level 1 in Transmutations
  1855 | D:2      | Reached skill level 1 in Fire Magic
  1855 | D:2      | Reached skill level 1 in Ice Magic
  1855 | D:2      | Reached skill level 1 in Air Magic
  1855 | D:2      | Reached skill level 1 in Earth Magic
  1855 | D:2      | Reached skill level 1 in Poison Magic
  2100 | D:2      | Noticed Terence
  2108 | D:2      | HP: 3/32 [Terence/+0 short sword of flaming (2)]
  2109 | D:2      | Slain by Terence

Vanquished Creatures
  2 adders (D:2)
  2 worms (D:2)
  6 bats
  5 endoplasms
  A giant cockroach (D:2)
  3 goblins
  5 hobgoblins
  7 jackals (D:1)
  A quokka (D:2)
  4 ball pythons
  12 frilled lizards
  3 kobolds
  22 rats
73 creatures vanquished.

Vanquished Creatures (others)
  A fungus (D:1)
1 creature vanquished.

Grand Total: 74 creatures vanquished
